 Dungeon Crawl Stone Soup version 0.26-a0-651-gb41185065b (webtiles) character file.

Game seed: 13817742037705531110

73 sking99 the Skirmisher (level 4, -5/35 HPs)
             Began as a Demonspawn Fighter on Oct 17, 2020.
             Killed from afar by an orc wizard (9 damage)
             ... with a magic dart
             ... on level 3 of the Dungeon.
             The game lasted 00:03:07 (2096 turns).

sking99 the Skirmisher (Demonspawn Fighter)         Turns: 2096, Time: 00:03:07

Health: -5/35      AC:  7    Str: 18    XL:     4   Next: 8%
Magic:  4/4        EV:  7    Int:  9    God:
Gold:   171        SH:  9    Dex: 12    Spells: 3/3 levels left

rFire    . . .     SeeInvis .   a - +0 flail
rCold    . . .     Faith    .   c - +0 kite shield
rNeg     . . .     Spirit   .   b - +0 scale mail
rPois    .         Reflect  .   (no helmet)
rElec    .         Harm     .   k - +0 cloak
rCorr    .         Rampage  .   (no gloves)
MR       .....                  (no boots)
Stlth    ..........             (no amulet)
HPRegen  0.11/turn              (no ring)
MPRegen  0.09/turn              (no ring)

@: slowed, very slow
A: talons 1, spiny 1
a: no special abilities


You were on level 3 of the Dungeon.
You visited 1 branch of the dungeon, and saw 3 of its levels.

You collected 171 gold pieces.

Inventory:

Hand Weapons
 a - a +0 flail (weapon)
Missiles
 e - 11 poisoned darts (quivered)
Armour
 b - a +0 scale mail (worn)
 c - a +0 kite shield (worn)
 k - a +0 cloak (worn)
Jewellery
 f - an uncursed ring of protection from fire {unknown}
Potions
 d - 3 potions of might
 i - 2 potions of curing
 l - a potion of magic
 m - a potion of mutation


   Skills:
 + Level 3.5 Fighting
 * Level 3.1 Maces & Flails
 - Level 2.6 Armour
 + Level 3.2 Shields


You had 3 spell levels left.
You didn't know any spells.
Your spell library was empty.

Dungeon Overview and Level Annotations

Branches:
Dungeon (3/15)

Altars:
The Shining One

Annotations:
D:2 1 runed translucent door, Crazy Yiuf


Innate Abilities, Weirdness & Mutations

You have sharp toenails.
You are partially covered in sharp spines.


Message History

The orc wizard blinks!
The orc wizard hits you with a +0 dagger.
* * * LOW HITPOINT WARNING * * *
You hit the orc wizard. Your kick misses the orc wizard.
The orc wizard is heavily wounded.
The orc wizard gestures wildly while chanting.
The orc wizard blinks!
You closely miss the orc wizard.
The orc wizard is lightly wounded.
The orc wizard casts a spell at you. You resist with some effort.
You block the orc wizard's attack.
The orc wizard gestures at you while chanting.
The magic dart hits you.
* * * LOW HITPOINT WARNING * * *
The orc wizard mumbles some strange words.
The orc wizard blinks!
The orc wizard is no longer moving quickly.
The orc wizard gestures at you while chanting.
The magic dart hits you!
You die...

.............
#.†#.......
###...†......
#.........###
#.........###
##............
#########.....o...###.
##......#...###o#.##
#..........## #@#.#
..........## #.#.#
#.>........# #.#.#
#..........# #.#
#..........# #.#
#..........# #..
#........## #..
##........## #..
#.....)....#


You could see an orc wizard (fast) and an orc.

Vanquished Creatures
  2 adders (D:2)
  2 dart slugs
  A leopard gecko (D:2)
  6 orcs (D:3)
  3 giant cockroaches (D:2)
  6 hobgoblins
  4 jackals (D:2)
  3 kobolds
  A ball python (D:2)
  A bat (D:2)
  2 frilled lizards
  6 goblins
  3 rats
40 creatures vanquished.

Notes
Turn   | Place    | Note
-------+----------+-------------------------------------------
     0 | D:1      | sking99 the Demonspawn Fighter began the quest for the Orb.
     0 | D:1      | Reached XP level 1. HP: 18/18 MP: 1/1
   266 | D:1      | Gained mutation: You have sharp toenails. [demonic
                  | ancestry]
   266 | D:1      | Reached XP level 2. HP: 24/24 MP: 2/2
   767 | D:2      | Found a glowing golden altar of the Shining One.
   912 | D:2      | Reached XP level 3. HP: 23/29 MP: 3/3
  1481 | D:2      | Found a runed translucent door.
  1482 | D:2      | Noticed Crazy Yiuf
  2055 | D:3      | Gained mutation: You are partially covered in sharp spines.
                  | [demonic ancestry]
  2055 | D:3      | Reached XP level 4. HP: 19/35 MP: 4/4
  2096 | D:3      | Killed from afar by an orc wizard

Illustrated notes

Levels and vault maps discovered:
D:1:      dpeg_arrival_round_a, layout_rooms, serial_forest,
          infiniplex_forest_lined_4_way, infiniplex_forest_split,
          infiniplex_forest_3_way, infiniplex_forest_lined_room_3,
          infiniplex_forest_clump_small, infiniplex_forest_clump_small,
          infiniplex_forest_end_3, infiniplex_forest_clump_cross,
          infiniplex_forest_fountain
D:2:      layout_basic, nicolae_overflow_crystal_walls, uniq_crazy_yiuf_cottage
D:3:      layout_rooms, gup_sewer_entry_pipe

Skill      XL: |  1  2  3 |
---------------+----------+-----
Maces & Flails | 2 3 |  3.1
Shields        | 3 |  3.2
Fighting       | |  3.5
Armour         | |  2.6

Action                   |  1- 3 |  4- 6 || total
-------------------------+-------+-------++-------
Melee: Flail             |    98 |    13 ||   111
       Kick              |    11 |     5 ||    16
  Use: Scroll            |     5 |       ||     5
Armor: Scale mail        |    40 |     2 ||    42
Dodge: Dodged            |    34 |     2 ||    36
Block: Kite shield       |    53 |     9 ||    62

Table legend: (Time is in decaauts)
 A = Elapsed time spent in this place.
 B = Non-inter-level travel time spent in this place.
 C = Inter-level travel time spent in this place.
 D = Time resting spent in this place.
 E = Time spent auto-exploring this place.
 F = Levels seen in this place.
 G = Mean time per level.
                   A        B        C        D        E       F      G
               +--------+--------+--------+--------+--------+-----+--------+
         Total |   2142 |   2086 |     56 |    441 |   1317 |   3 |  714.0 |
       Dungeon |   2142 |   2086 |     56 |    441 |   1317 |   3 |  714.0 |
               +--------+--------+--------+--------+--------+-----+--------+

Top non-repeatable levels by time:
     D:2: 1304 daAuts
     D:1: 755 daAuts
     D:3: 82 daAuts
